Map: Stargazers

Players

HOHOHO - Winner!

  • Race: Terran Terran
  • Spawn Location: 11:00

NoboDy

  • Race: Terran Terran
  • League: Diamond
  • Spawn Location: 1:00

VOD

Have the link to the VOD?

Description

Time

  • Played on: July 23, 2022, 6:38 a.m.
  • Length: 13:08
Show
View Real Time Build Order
Export as new Build Order

HOHOHO Terran - Winner!

Build Orders: Gas First Reaper Expand, Mech 

Get SALT Encoding   

  12  0:00  SCV  
  13  0:12  SCV  
  14  0:17  Supply Depot  
  14  0:24  SCV  
  14  0:27  Refinery  
  15  0:39  SCV  
  16  0:44  Barracks  
  16  0:51  SCV  
  17  1:03  SCV  
  18  1:15  SCV  
  19  1:31  Reaper  
  19  1:32  Orbital Command  
  20  1:47  Command Center  
  20  1:59  Factory  
  20  2:02  SCV  
  20  2:06  Reaper  
  22  2:12  Refinery  
  22  2:17  Supply Depot  
  23  2:22  SCV  
  23  2:45  Barracks Tech Lab  
  23  2:46  Factory Tech Lab  
  23  2:47  SCV  
  24  2:54  Starport  
  24  3:00  Orbital Command  
  24  3:01  Refinery  
  24  3:02  SCV  
  25  3:07  Cyclone  
  28  3:14  SCV  
  29  3:26  SCV x2  
  31  3:38  SCV  
  31  3:41  Raven  
  32  3:45  Refinery  
  32  3:47  SCV  
  35  3:50  SCV  
  35  3:53  Cyclone  
  35  3:54  Supply Depot  
  39  3:59  SCV  
  40  4:04  SCV  
  41  4:11  SCV  
  42  4:17  Command Center  
  42  4:24  Raven  
  42  4:28  SCV x2  
  46  4:39  Siege Tank  
  46  4:40  SCV x2  
  51  4:46  Supply Depot  
  51  4:51  Barracks Reactor  
  51  4:52  SCV x2  
  53  4:56  Engineering Bay  
  53  4:59  Supply Depot  
  53  5:04  SCV, Supply Depot  
  54  5:08  SCV  
  54  5:09  Factory  
  54  5:12  Factory  
  55  5:21  SCV  
  56  5:24  Siege Tank  
  56  5:26  Raven  
  56  5:28  SCV  
  62  5:34  SCV  
  63  5:36  Orbital Command  
  63  5:43  SCV  
  63  5:46  Barracks Reactor, SCV  
  65  5:55  SCV  
  66  5:58  Siege Tank, SCV  
  66  6:02  Armory  
  66  6:03  Armory  
  70  6:04  Orbital Command  
  70  6:07  SCV  
  71  6:12  SCV  
  72  6:19  SCV, Viking x2  
  72  6:24  SCV  
  78  6:26  Refinery  
  78  6:27  Refinery  
  79  6:32  SCV  
  79  6:33  SCV  
  79  6:35  Siege Tank x2  
  79  6:36  SCV  
  87  6:45  SCV  
  87  6:46  Hellion x2  
  89  6:49  Viking  
  89  6:50  SCV x2  
  91  7:00  Viking  
  93  7:08  Supply Depot x2  
  93  7:09  Supply Depot  
  93  7:10  Hellion x2, SCV x3  
  93  7:15  Terran Vehicle And Ship Armor Level 1, Terran Vehicle Weapons Level 1  
  100  7:16  Hellion x2  
  100  7:22  SCV, Command Center  
  105  7:24  SCV x2  
  107  7:33  Hellion  
  107  7:34  Hellion  
  107  7:35  Viking  
  107  7:36  Viking  
  115  7:41  Siege Tank  
  118  7:48  Siege Tank  
  118  7:49  SCV x3  
  124  7:57  Factory x2  
  124  8:01  SCV x2  
  126  8:06  Infernal Pre-Igniter, Supply Depot x2  
  126  8:08  Viking  
  126  8:10  Viking  
  130  8:14  Siege Tank  
  133  8:20  Supply Depot  
  133  8:23  Siege Tank, SCV x3  
  133  8:26  Hellbat  
  143  8:34  Hellbat  
  143  8:39  SCV x2  
  143  8:40  SCV  
  146  8:41  Factory Tech Lab  
  146  8:42  Factory Reactor  
  146  8:46  Viking x2  
  150  8:50  Supply Depot  
  150  8:52  Supply Depot  
  150  8:53  Siege Tank  
  153  8:58  Sensor Tower  
  153  9:02  Siege Tank  
  156  9:03  Siege Tank, Hellbat x2  
  156  9:06  SCV x3  
  156  9:09  Planetary Fortress  
  166  9:14  Refinery  
  166  9:15  Refinery  
  166  9:20  Hellbat x2  
  166  9:22  Terran Vehicle Weapons Level 2  
  170  9:30  Terran Vehicle And Ship Armor Level 2  
  170  9:31  Command Center  
  170  9:34  SCV x3  
  173  9:43  Siege Tank  
  176  9:45  SCV  
  176  9:46  SCV x2  
  176  9:52  Siege Tank  
  182  9:53  Hellbat x2  
  182  9:54  Sensor Tower, Hellbat x2  
  180  10:27  Siege Tank x2  
  180  10:28  Siege Tank  
  189  10:29  Hellbat x3  
  193  10:46  Starport x3, Fusion Core  
  193  10:48  Starport  
  193  10:51  Planetary Fortress  
  193  10:59  Siege Tank  
  193  11:00  Siege Tank, Missile Turret  
  193  11:01  Missile Turret  
  193  11:03  Missile Turret  
  193  11:04  Siege Tank, Missile Turret x2, Hellbat x3  
  190  11:11  Liberator  
  193  11:21  Missile Turret  
  193  11:24  Missile Turret  
  193  11:25  Missile Turret  
  193  11:28  Starport Tech Lab  
  193  11:29  Starport Tech Lab x3  
  193  11:31  Siege Tank  
  196  11:33  Command Center  
  196  11:34  Command Center  
  196  11:37  Command Center  
  196  11:43  Missile Turret  
  196  11:54  Siege Tank  
  199  12:12  Refinery  
  199  12:16  Refinery  
Show
View Real Time Build Order
Export as new Build Order

NoboDy Terran 

Build Orders:  

Get SALT Encoding   

  12  0:00  SCV  
  13  0:12  SCV  
  14  0:17  Supply Depot  
  14  0:24  SCV  
  15  0:38  Refinery  
  15  0:40  Barracks  
  15  0:42  SCV  
  16  0:54  SCV  
  17  1:06  SCV  
  18  1:18  SCV  
  19  1:27  Reaper  
  19  1:30  SCV  
  21  1:39  Command Center  
  20  1:48  Supply Depot  
  20  1:50  SCV  
  21  1:54  Refinery  
  21  1:59  Barracks Reactor  
  21  2:04  SCV  
  22  2:20  Factory  
  22  2:35  Marine x2  
  24  2:46  SCV  
  24  2:54  Marine x2  
  24  2:56  SCV  
  27  2:58  Orbital Command  
  27  3:05  Factory Tech Lab  
  27  3:08  SCV  
  27  3:10  Starport  
  28  3:17  Marine x2  
  30  3:21  Orbital Command  
  30  3:25  Widow Mine  
  32  3:27  SCV  
  33  3:42  SCV, Engineering Bay  
  33  3:46  Viking  
  36  3:49  SCV  
  36  3:55  SCV  
  38  4:01  SCV  
  39  4:07  SCV  
  39  4:08  Barracks, Refinery  
  40  4:13  SCV  
  40  4:15  Engineering Bay  
  41  4:17  Siege Tank  
  41  4:19  SCV  
  41  4:23  Missile Turret  
  45  4:25  Starport Reactor  
  45  4:31  SCV  
  45  4:35  Factory  
  46  4:40  Supply Depot  
  46  4:42  Supply Depot  
  46  4:47  Missile Turret  
  46  4:50  SCV x2  
  46  4:58  Barracks  
  46  4:59  Barracks Tech Lab  
  46  5:01  Marine x2  
  48  5:11  SCV x2  
  50  5:19  Missile Turret, Terran Infantry Armor Level 1  
  50  5:21  Factory Tech Lab  
  50  5:22  Marine  
  50  5:23  SCV x2  
  50  5:26  Siege Tank, Marine x2  
  58  5:35  SCV x2  
  58  5:37  Medivac  
  58  5:41  Supply Depot  
  62  5:50  Terran Infantry Weapons Level 1  
  62  5:52  Supply Depot  
  62  5:53  Supply Depot  
  62  5:58  Supply Depot  
  62  6:02  Armory, Medivac, SCV  
  62  6:03  Widow Mine, Marine  
  62  6:04  Marine  
  69  6:05  Barracks Tech Lab  
  69  6:14  Siege Tank, Medivac  
  74  6:21  Supply Depot  
  74  6:26  SCV x2  
  74  6:30  Stimpack  
  76  6:38  Marine x2  
  76  6:39  Marauder x2  
  77  6:53  Siege Tank  
  80  6:56  Marine x2  
  80  7:00  Marauder, Marine  
  72  7:03  Viking  
  74  7:11  Refinery  
  74  7:14  Marine x2  
  76  7:16  Combat Shield  
  76  7:18  Marauder  
  76  7:21  Marine  
  79  7:32  Marine  
  80  7:39  Viking x2  
  80  7:41  Marauder, Marine x2  
  88  7:45  Command Center  
  88  7:50  Marine  
  89  7:54  Terran Vehicle Weapons Level 1  
  89  7:59  Marauder  
  89  8:00  Widow Mine, Marine  
  89  8:03  Marauder  
  89  8:05  SCV  
  97  8:07  Marine  
  97  8:08  SCV  
  99  8:14  Widow Mine  
  99  8:17  SCV  
  99  8:18  Terran Infantry Weapons Level 2  
  102  8:27  Supply Depot x2  
  102  8:34  Terran Infantry Armor Level 2  
  102  8:40  Supply Depot  
  102  8:43  Supply Depot  
  102  8:48  Marauder x2, SCV x2, Marine  
  109  8:50  Missile Turret  
  109  8:52  Sensor Tower  
  109  8:59  Viking x2  
  109  9:00  SCV x2  
  109  9:02  Concussive Shells  
  117  9:10  Marauder  
  117  9:12  Missile Turret, SCV  
  117  9:13  SCV  
  117  9:16  Refinery, Orbital Command  
  119  9:18  Refinery  
  119  9:24  Supply Depot  
  119  9:26  Marauder, Marine x2  
  125  9:31  Marauder, SCV x2  
  125  9:37  Siege Tank  
  130  9:39  Supply Depot  
  130  9:43  SCV x3  
  130  9:44  Marine  
  134  9:48  Marauder  
  136  9:58  Viking, Command Center  
  136  10:04  Siege Tank  
  135  10:09  Siege Tank  
  135  10:12  Liberator  
  137  10:19  SCV  
  137  10:20  SCV  
  128  10:28  Viking  
  128  10:29  Starport  
  130  10:37  Siege Tank  
  119  10:51  Siege Tank  
  119  10:55  Viking  
  124  10:58  Medivac  
  114  11:05  Marine  
  114  11:06  Marauder  
  114  11:10  Missile Turret  
  91  11:12  Missile Turret  
  91  11:13  Missile Turret  
  91  11:15  Starport Tech Lab, Marine x2  
  91  11:16  Siege Tank  
  96  11:22  Missile Turret  
  96  11:23  Siege Tank, Marine  
  96  11:24  Orbital Command  
  96  11:25  SCV x3, Viking  
  105  11:28  Marauder  
  107  11:33  Marauder, Viking x2, Marine  
  107  11:37  SCV x2  
  116  11:41  Marine  
  116  11:45  SCV  
  118  11:48  Marine  
  118  11:49  Refinery, SCV x2  
  118  11:50  Marine  
  118  11:51  SCV  
  118  11:53  Refinery  
  120  11:57  SCV, Marine  
  120  12:00  Siege Tank  
  125  12:04  Factory  
  125  12:05  Viking  
  127  12:10  Missile Turret  
  127  12:11  Missile Turret  
  127  12:12  Viking  
  129  12:15  SCV  
  129  12:16  SCV x2  
  132  12:23  Missile Turret, Viking  
  132  12:24  Missile Turret  
  132  12:33  Marine x2  
  132  12:34  Marauder, Siege Tank, Marine  
  110  12:50  Factory Tech Lab  
  102  12:55  Missile Turret  
  102  13:01  Missile Turret  
Tags
 
Composition
Mech
League
Diamond
Matchup
TvT
Race
Terran
Spawn Locations
Close Positions
Add a new tag
Caveats
  • Supply blocks, unpowered buildings, or Contaminate may cause inaccurate times.
  • Supply counts are checked every 10 seconds.